AoeStats
← Zigoto85

African Clearing

510747158Analyzed
4v4 RM · 12h ago on Oct 2, 2026· 46m 45s· 8 players
Game mode
Random Map
Map size
Large (8 player)
Population
200
Speed
Normal
Resources
Standard
Victory
Conquest
Starting age
Dark Age
Ending age
Imperial Age
RankedLock teamsTeams togetherTeam positionsShared explorationLock speedFull tech treeHidden civsTurbo modeCheats
Victory
Defeat
🇨🇳 Khmer · China
1310
+15
🇹🇼 Magyars · Taiwan
1309
+15
🇨🇳 Huns · China
1308
+15
🇭🇰 Mongols · Hong Kong SAR China
1181
+20
🇨🇦 Saxons · Canada
1309
-17
🇫🇷 Huns · France
1307
-17
🇸🇪 Celts · Sweden
1284
-16
🇩🇰 Saracens · Denmark
1254
-15
MRathS
13:31 Feudal Age
18:03 Castle Age
16:32 Double-Bit Axe
18:12 Crossbowman
23:54 Loom
30:39 Bow Saw
30:12 Horse Collar
32:22 Scale Barding Armor
32:36 Bloodlines
33:50 Chain Barding Armor
34:48 Forging
35:02 Husbandry
35:55 Fletching
36:49 Thumb Ring
41:25 Imperial Age
43:16 Iron Casting
43:59 Conscription
43:56 Elite Mameluke
45:58 Plate Barding Armor
coke diet
6:36 Loom
14:21 Feudal Age
18:17 Castle Age
17:49 Double-Bit Axe
19:20 Bow Saw
21:58 Horse Collar
27:31 Scale Barding Armor
29:47 Scale Mail Armor
29:57 Forging
35:14 Pikeman
35:54 Squires
39:14 Chain Barding Armor
39:48 Gambesons
40:30 Clerical Recruitment
41:45 Sanctity
41:26 Devotion
41:20 Guard Tower
44:48 Imperial Age
44:37 Wheelbarrow
44:50 Elite Skirmisher
45:36 Thumb Ring
45:50 Fletching
46:01 Padded Archer Armor
Zigoto85
6:07 Loom
12:13 Feudal Age
12:54 Double-Bit Axe
18:17 Castle Age
20:14 Bow Saw
24:36 Horse Collar
28:17 Heavy Plow
33:55 Scale Barding Armor
34:42 Bloodlines
35:45 Marauders
37:25 Devotion
38:54 Wheelbarrow
42:02 Imperial Age
40:02 Forging
41:01 Hand Cart
41:49 Husbandry
42:30 Chain Barding Armor
43:51 Light Cavalry
45:58 Two-Man Saw
44:55 Gold Mining
44:55 Stone Mining
46:05 Plate Barding Armor
The Outpost Man
4:44 Loom
15:43 Feudal Age
16:14 Double-Bit Axe
18:02 Horse Collar
21:32 Castle Age
22:12 Wheelbarrow
22:13 Heavy Plow
22:39 Bow Saw
29:02 Pikeman
34:10 Forging
34:00 Scale Mail Armor
36:08 Hand Cart
39:29 Imperial Age
37:27 Gold Mining
38:41 Town Watch
39:43 Capped Ram
41:06 Siege Ram
41:10 Halberdier
42:27 Iron Casting
42:08 Chain Mail Armor
42:27 Heavy Scorpion
44:53 Fletching
45:03 Padded Archer Armor
wilsonso35
3:26 Loom
13:56 Feudal Age
15:22 Wheelbarrow
14:34 Double-Bit Axe
14:43 Gold Mining
14:36 Horse Collar
16:53 Stone Mining
19:10 Castle Age
20:13 Hand Cart
20:12 Bow Saw
20:04 Heavy Plow
20:40 Town Watch
24:46 Gold Shaft Mining
25:44 Fletching
28:30 Stone Shaft Mining
28:34 Bloodlines
29:14 Bodkin Arrow
30:26 Husbandry
30:58 Thumb Ring
31:20 Padded Archer Armor
31:49 Ballistics
33:08 Leather Archer Armor
36:18 Imperial Age
34:51 Masonry
36:27 Town Patrol
37:30 Conscription
37:15 Bracer
37:58 Caravan
39:08 Chemistry
38:35 Elite Mangudai
39:44 Parthian Tactics
39:28 Scale Barding Armor
39:52 Siege Engineers
40:32 Light Cavalry
41:39 Drill
41:22 Nomads
42:15 Fervor
43:43 Capped Ram
45:47 Siege Ram
GARCIA1979
8:52 Loom
11:37 Feudal Age
13:13 Double-Bit Axe
13:43 Horse Collar
21:53 Castle Age
20:58 Gold Mining
22:00 Bloodlines
23:03 Wheelbarrow
22:40 Scale Barding Armor
22:54 Bow Saw
23:20 Husbandry
24:19 Town Watch
25:51 Hand Cart
27:41 Heavy Plow
36:30 Imperial Age
34:17 Town Patrol
35:40 Gold Shaft Mining
34:55 Stone Mining
38:03 Conscription
37:07 Light Cavalry
38:37 Chain Barding Armor
38:47 Elite Magyar Huszar
40:12 Hussar
42:00 Two-Man Saw
41:44 Parthian Tactics
43:40 Thumb Ring
44:07 Ballistics
43:55 Recurve Bow
44:09 Fletching
44:19 Padded Archer Armor
47:17 Chemistry
47:12 Hoardings
46:51 Corvinian Army
纯属意外666
13:40 Feudal Age
暗恋安联的一切
13:36 Feudal Age
14:44 Double-Bit Axe
17:20 Castle Age
17:12 Bloodlines
16:55 Horse Collar
17:57 Scale Barding Armor
18:03 Forging
20:21 Loom
20:41 Husbandry
22:59 Wheelbarrow
24:07 Gold Mining
25:32 Chain Barding Armor
28:13 Iron Casting
29:04 Town Watch
31:19 Hand Cart
31:32 Heavy Plow
35:48 Imperial Age
33:45 Stone Mining
34:31 Gold Shaft Mining
37:35 Stone Shaft Mining
37:24 Conscription
37:07 Double Crossbow
37:28 Padded Archer Armor
39:08 Ballistics
39:48 Chemistry
39:06 Elite Ballista Elephant
40:07 Leather Archer Armor
40:24 Bow Saw
41:27 Ring Archer Armor
41:13 Town Patrol
43:02 Fletching
Connection lost

Rejoining the realm…

Still unreachable

The connection could not be restored.

Session expired

The server has moved on; the page needs a fresh start.